 Dungeon Crawl Stone Soup version 0.19-a0-1608-g4cf22de (webtiles) character file.

699 4thArraOfDagon the Grappler (level 7, -3/65 HPs)
             Began as a Troll Warper on Sept 17, 2016.
             Was an Initiate of the Shining One.
             Killed by divine providence
             ... invoked by an orc priest
              (14 damage)
             ... on level 6 of the Dungeon.
             The game lasted 00:06:37 (1000 turns).

4thArraOfDagon the Grappler (Troll Warper)          Turns: 1000, Time: 00:06:38

Health: -3/65      AC:  6    Str: 20    XL:     7   Next: 38%
Magic:  7/7        EV: 10    Int: 11    God:    the Shining One [......]
Gold:   172        SH:  0    Dex:  9    Spells: 1 memorised, 7 levels left

rFire  . . .     SeeInvis .       - Unarmed
rCold  . . .     Gourm    +     a - +1 robe
rNeg   + . .     Faith    .     (no shield)
rPois  .         Spirit   .     (helmet restricted)
rElec  .         Dismiss  .     (no cloak)
rCorr  .         Reflect  .     (gloves unavailable)
MR     .....     Harm     .     (boots unavailable)
Stlth  +.........               (no amulet)
                                (no ring)
                                l - ring of positive energy

@: glowing
A: unfitting armour, claws 3, fast metabolism 3, gourmand, regeneration 1,
shaggy fur 1, tough skin 2
a: Renounce Religion


You were on level 6 of the Dungeon.
You worshipped the Shining One.
The Shining One was noncommittal.
You were very full.

You visited 1 branch of the dungeon, and saw 6 of its levels.

You collected 208 gold pieces.
You spent 36 gold pieces at shops.

Inventory:

Missiles
 d - 5 tomahawks of dispersal (quivered)
 n - 2 tomahawks
Armour
 a - a +1 robe (worn)
Jewellery
 g - an uncursed ring of fire
 l - a ring of positive energy (left claw)
Wands
 m - a wand of flame (35/48)
Scrolls
 c - a scroll of blinking
 i - 2 scrolls of remove curse
 p - 2 scrolls of teleportation
Potions
 e - a potion of haste {unknown}
 j - a potion of might
 o - a potion of curing
Books
 b - a book of Spatial Translocations

   Spells                             Type                      Level
   a - Apportation                    Translocation                1
   b - Blink                          Translocation                2
   c - Shroud of Golubria             Charms/Translocation         2
   d - Portal Projectile              Translocation                3
   e - Teleport Other                 Translocation                3
   f - Passage of Golubria            Translocation                4
Comestibles
 f - 3 bread rations
 h - a meat ration
 k - a slice of pizza


   Skills:
 - Level 2.0 Fighting
 - Level 0.8 Throwing
 - Level 1.9 Dodging
 * Level 8.2 Unarmed Combat
 - Level 1.2 Spellcasting
 - Level 2.1 Translocations


You had 7 spell levels left.
You knew the following spells:

 Your Spells              Type           Power        Failure   Level  Hunger
a - Apportation           Tloc           #.........   14%         1    ##.....


Dungeon Overview and Level Annotations

Branches:
Dungeon (6/15)
 Temple: D:4-7

Altars:
Yredelemnul
The Shining One

Shops:
D:4 :   D:6 (:(?


Innate Abilities, Weirdness & Mutations

You are too large for most types of armour.
You have claws for hands.
Your metabolism is lightning-fast.
You like to eat raw meat.
Your natural rate of healing is unusually fast.
You are covered in fur. (AC +1)
You have very tough skin. (AC +2)


Message History

You are too injured to fight recklessly!
You are too injured to fight recklessly!
You are too injured to fight recklessly!
You closely miss the orc.
Unknown command.
You scratch the orc.
You kill the orc!
Unknown command.
The orc priest hits you with a hand axe of flaming!
* * * LOW HITPOINT WARNING * * *
The orc priest burns you.
* * * LOW HITPOINT WARNING * * *
Things that are here:
a trident; a ring mail; an orc corpse Unknown command.
Unknown command.
You scratch the orc priest but do no damage.
The orc priest invokes the aid of Beogh against you.
Beogh smites you!
You die...

#...# ##.#.##
##..#..##
##..###..##
##..##.##..##
##..##...'#..##
###..##..8..##..#
###...##..8.8..##..
#o@)###..8._.8..###
#.#...##..8.8..##..
#.###..##..8..##..#
#.# ##..##...##...
#.# ##..##.##..#
#.#####...###..#
#...oo.....# .##
####.##..).#
#$##.##......#


You could see an orc priest.

Vanquished Creatures
  Grinder (D:4)
  Menkaure (D:4)
  An orc warrior (D:6)
  An ogre (D:4)
  A jelly (D:5)
  A bullfrog skeleton (D:5)
  An orc priest (D:6)
  4 gnolls (D:6)
  A howler monkey skeleton (D:4)
  3 adders
  A shadow imp (D:6)
  2 leopard geckos
  7 orcs
  4 giant cockroaches
  A goblin (D:2)
  A bat (D:3)
  3 frilled lizards
  A rat (D:2)
35 creatures vanquished.

Notes
Turn   | Place    | Note
-------+----------+-------------------------------------------
     0 | D:1      | 4thArraOfDagon the Troll Warper began the quest for the Orb.
     0 | D:1      | Reached XP level 1. HP: 19/19 MP: 1/1
    28 | D:2      | jacquesderrida: dagin
    68 | D:2      | 4thArraOfDagon: jaq
    68 | D:2      | 4thArraOfDagon: im trapd
    68 | D:2      | jacquesderrida: thanks
    68 | D:2      | jacquesderrida: why
    68 | D:2      | jacquesderrida: Trap'd
    68 | D:2      | 4thArraOfDagon: im trapd in trollish realm
    68 | D:2      | Reached XP level 2. HP: 28/28 MP: 2/2
    73 | D:2      | jacquesderrida: can't wake up
    73 | D:2      | 4thArraOfDagon: you must release me with gut combo?
   195 | D:3      | Reached skill level 3 in Unarmed Combat
   241 | D:4      | Reached XP level 3. HP: 22/35 MP: 3/3
   262 | D:5      | Entered Level 5 of the Dungeon
   286 | D:5      | Reached skill level 4 in Unarmed Combat
   286 | D:5      | Reached XP level 4. HP: 36/42 MP: 4/4
   350 | D:6      | Found Haiw's Book Shop.
   352 | D:6      | Found Tisotso's Magic Scroll Shop.
   352 | D:6      | Found Mesucatt's Antique Weapon Shop.
   361 | D:6      | Found Doeteokh's Antique Weapon Shop.
   366 | D:6      | Bought a scroll of teleportation for 36 gold pieces
   506 | D:5      | Found a basalt altar of Yredelemnul.
   578 | D:4      | Noticed Grinder
   592 | D:4      | Killed Grinder
   592 | D:4      | Reached skill level 6 in Unarmed Combat
   592 | D:4      | Reached XP level 5. HP: 18/49 MP: 5/5
   592 | D:4      | Reached XP level 6. HP: 21/57 MP: 6/6
   633 | D:4      | Noticed Menkaure
   643 | D:4      | Killed Menkaure
   643 | D:4      | Reached skill level 7 in Unarmed Combat
   762 | D:4      | Found Jeycisupn's Book Boutique.
   780 | D:4      | Reached XP level 7. HP: 34/65 MP: 7/7
   904 | D:6      | Found a glowing golden altar of the Shining One.
   909 | D:6      | Became a worshipper of the Shining One
   995 | D:6      | Reached skill level 8 in Unarmed Combat
  1000 | D:6      | Killed from afar by an orc priest

Vault maps used:
D:1:      roderic_crop_circles_arrival_small, minivault_26
D:2:      okawaru_altar_gauntlet_db
D:3:      marbit_many_paths, lightli_sewer_entry_pipes, kennysheep_nondescript
D:4:      serial_shops, nicolae_shop_crystal, hangedman_decor_riveting,
          uniq_grinder, uniq_menkaure
D:5:      old_standard_altar, first_bread, minmay_misc_feat_cross
D:6:      tso_metal_star, minmay_shop_grid_forest

Skill      XL: |  1  2  3  4  5  6  7 |
---------------+----------------------+-----
Fighting       | 2 |  2.0
Unarmed Combat | 3 4 6 7 8 |  8.2
Throwing       | |  0.8
Dodging        | |  1.9
Spellcasting   | |  1.2
Translocations | |  2.1

Action                   |  1- 3 |  4- 6 |  7- 9 || total
-------------------------+-------+-------+-------++-------
Melee: Unarmed           |    42 |    55 |    28 ||   125
       Punch             |     2 |     2 |       ||     4
Evoke: Wand              |       |     1 |       ||     1
  Use: Scroll            |       |     7 |       ||     7
       Potion            |       |     2 |     1 ||     3
  Eat: Chunk             |       |     6 |     6 ||    12
       Pizza             |       |     1 |       ||     1
Armor: Robe              |    13 |    10 |     2 ||    25
Dodge: Dodged            |    16 |    14 |    15 ||    45
